[Event "26th Abu Dhabi Master 2019"]
[Site "Abu Dhabi"]
[Date "2019.08.08"]
[Round "7.43"]
[White "Eynullayev, Altay"]
[Black "Mendonca, Leon Luke"]
[Result "1/2-1/2"]
[ECO "A40"]
[WhiteElo "2188"]
[BlackElo "2401"]
[Annotator "NA"]
[PlyCount "38"]
[EventDate "2019.08.02"]
[EventType "swiss"]
[EventCountry "UAE"]
[SourceTitle "playchess.com"]
[Source "ChessBase"]
[SourceQuality "1"]
[TimeControl "5400+30"]

1. d4 Nf6 2. c4 e6 3. g3 Bb4+ 4. Nd2 O-O 5. Bg2 d5 6. Ngf3 b6 7. cxd5 exd5 8. O-O Bb7 9. Qb3 Bd6 10. Nb1 Re8 11. Nc3 c6 12. Bf4 Bxf4 13. gxf4 Na6 14. e3 Qe7 15. Rfd1 c5 16. Qa4 Nc7 17. dxc5 bxc5 18. Ne5 Reb8 19. Qa3 d4 1/2-1/2

[Event "26th Abu Dhabi Master 2019"]
[Site "Abu Dhabi"]
[Date "2019.08.08"]
[Round "7.44"]
[White "Lee, Jun Hyeok"]
[Black "Paramzina, Anastasya"]
[Result "1-0"]
[ECO "E76"]
[WhiteElo "2383"]
[BlackElo "2300"]
[Annotator "NA"]
[PlyCount "47"]
[EventDate "2019.08.02"]
[EventType "swiss"]
[EventCountry "UAE"]
[SourceTitle "playchess.com"]
[Source "ChessBase"]
[SourceQuality "1"]
[TimeControl "5400+30"]

1. c4 Nf6 2. Nc3 g6 3. e4 d6 4. d4 Bg7 5. f4 O-O 6. Nf3 c6 7. Bd3 d5 8. e5 Ne8 9. h4 dxc4 10. Bxc4 Bg4 11. h5 gxh5 12. Qd3 Qd7 13. Ng5 Qf5 14. Qe3 Qg6 15. Bd3 Bf5 16. Be2 c5 17. Bxh5 Qc6 18. d5 Qb6 19. g4 Bc8 20. Nxh7 Kxh7 21. Bxf7+ Bh6 22. f5 Kg7 23. Rxh6 Qb4 24. Qg5+ 1-0

[Event "26th Abu Dhabi Master 2019"]
[Site "Abu Dhabi"]
[Date "2019.08.08"]
[Round "7.45"]
[White "Socko, Monika"]
[Black "Aakanksha Hagawane"]
[Result "1/2-1/2"]
[ECO "C02"]
[WhiteElo "2443"]
[BlackElo "2246"]
[Annotator "NA"]
[PlyCount "159"]
[EventDate "2019.08.02"]
[EventType "swiss"]
[EventCountry "UAE"]
[SourceTitle "playchess.com"]
[Source "ChessBase"]
[SourceQuality "1"]
[TimeControl "5400+30"]

1. e4 e6 2. d4 d5 3. e5 c5 4. c3 Nc6 5. Nf3 Qb6 6. Be2 Nge7 7. dxc5 Qc7 8. b4 Nxe5 9. Nxe5 Qxe5 10. O-O Bd7 11. Re1 Qc7 12. Na3 O-O-O 13. Nb5 Bxb5 14. Bxb5 Ng6 15. a4 Be7 16. a5 a6 17. Bf1 Bf6 18. Qb3 Kd7 19. b5 axb5 20. a6 bxa6 21. Rxa6 Ke7 22. c6 Kf8 23. Be3 Rb8 24. Bxb5 d4 25. cxd4 Ne7 26. Rea1 g5 27. Qd3 Kg7 28. Ba4 Nd5 29. Bd2 Nb4 30. Bxb4 Rxb4 31. Bc2 Rxd4 32. Qe2 Rd6 33. Ra7 Qxc6 34. Be4 Qc3 35. h4 Rd7 36. hxg5 Qxa1+ 37. Rxa1 Bxa1 38. Qh5 h6 39. gxh6+ Rxh6 40. Qg5+ Rg6 41. Bxg6 fxg6 42. g4 Bf6 43. Qe3 Bd4 44. Qxe6 Rf7 45. Kg2 Rxf2+ 46. Kg3 Rf7 47. g5 Bf2+ 48. Kg4 Bd4 49. Qd5 Bb2 50. Qh1 Re7 51. Qh2 Be5 52. Qe2 Kf8 53. Qe4 Kg7 54. Qe3 Kf8 55. Qc5 Kf7 56. Kf3 Bg7 57. Qd5+ Kf8 58. Qc6 Kf7 59. Qa6 Re5 60. Qc4+ Kf8 61. Qc8+ Kf7 62. Qd7+ Kf8 63. Kf4 Rf5+ 64. Kg4 Re5 65. Qb7 Kg8 66. Qf3 Rf5 67. Qc6 Kh7 68. Qe8 Re5 69. Qc8 Rf5 70. Qd8 Re5 71. Qb8 Rf5 72. Qh2+ Kg8 73. Qh1 Re5 74. Qb1 Rf5 75. Qc2 Kh7 76. Qd3 Rf8 77. Qh3+ Kg8 78. Qh1 Rf5 79. Qe4 Kh7 80. Qh1+ 1/2-1/2

[Event "26th Abu Dhabi Master 2019"]
[Site "Abu Dhabi"]
[Date "2019.08.08"]
[Round "7.46"]
[White "Sankalp Gupta"]
[Black "Deshpande, Aniruddha"]
[Result "0-1"]
[ECO "B11"]
[WhiteElo "2416"]
[BlackElo "2234"]
[Annotator "NA"]
[PlyCount "88"]
[EventDate "2019.08.02"]
[EventType "swiss"]
[EventCountry "UAE"]
[SourceTitle "playchess.com"]
[Source "ChessBase"]
[SourceQuality "1"]
[TimeControl "5400+30"]

1. e4 c6 2. Nc3 d5 3. Nf3 Bg4 4. Be2 e6 5. d4 Nf6 6. h3 Bh5 7. e5 Nfd7 8. g4 Bg6 9. h4 c5 10. dxc5 Nc6 11. Be3 h5 12. gxh5 Bxh5 13. Nd4 Bxe2 14. Qxe2 Bxc5 15. O-O-O Bxd4 16. Bxd4 Rxh4 17. Rxh4 Qxh4 18. Nb5 Kf8 19. Qe3 g6 20. Nd6 b6 21. Bc3 Ke7 22. f4 Rh8 23. Be1 Qg4 24. Bg3 Rh3 25. Rg1 Nc5 26. a4 Kf8 27. a5 d4 28. Qf2 Nb4 29. Kb1 Nd5 30. axb6 axb6 31. Qg2 Kg8 32. Ka1 d3 33. cxd3 Nxd3 34. Ne4 N3xf4 35. Qc2 Kg7 36. Nf6 Qe2 37. Qc8 Rh8 38. Ne8+ Rxe8 39. Qxe8 Nd3 40. Rb1 N5b4 41. Qd8 Nc2+ 42. Ka2 Ndb4+ 43. Kb3 Qf3+ 44. Ka4 b5+ 0-1

[Event "26th Abu Dhabi Master 2019"]
[Site "Abu Dhabi"]
[Date "2019.08.08"]
[Round "7.47"]
[White "Raja Rithvik R"]
[Black "Srihari L R"]
[Result "1/2-1/2"]
[ECO "A10"]
[WhiteElo "2357"]
[BlackElo "2227"]
[Annotator "NA"]
[PlyCount "35"]
[EventDate "2019.08.02"]
[EventType "swiss"]
[EventCountry "UAE"]
[SourceTitle "playchess.com"]
[Source "ChessBase"]
[SourceQuality "1"]
[TimeControl "5400+30"]

1. c4 d6 2. d4 e5 3. Nc3 exd4 4. Qxd4 Nc6 5. Qd2 Nf6 6. b3 a5 7. Bb2 a4 8. Nd5 Be7 9. Nf3 Be6 10. e3 Ne5 11. Nxe7 Qxe7 12. Be2 a3 13. Bd4 Ne4 14. Qc1 c5 15. Bc3 Qf6 16. Bxe5 dxe5 17. O-O Bg4 18. h3 1/2-1/2

[Event "26th Abu Dhabi Master 2019"]
[Site "Abu Dhabi"]
[Date "2019.08.08"]
[Round "7.48"]
[White "Divya Deshmukh"]
[Black "Pujari, Rucha"]
[Result "1-0"]
[ECO "C95"]
[WhiteElo "2373"]
[BlackElo "2268"]
[Annotator "NA"]
[PlyCount "69"]
[EventDate "2019.08.02"]
[EventType "swiss"]
[EventCountry "UAE"]
[SourceTitle "playchess.com"]
[Source "ChessBase"]
[SourceQuality "1"]
[TimeControl "5400+30"]

1. e4 e5 2. Nf3 Nc6 3. Bb5 a6 4. Ba4 Nf6 5. O-O Be7 6. Re1 b5 7. Bb3 O-O 8. h3 d6 9. c3 Nb8 10. d4 Nbd7 11. c4 c6 12. Nc3 b4 13. Ne2 Nxe4 14. Qc2 f5 15. c5+ d5 16. Be3 Bf6 17. dxe5 Nxe5 18. Nfd4 a5 19. Nf4 Qd7 20. Rad1 a4 21. Bxa4 Nxc5 22. Bxc6 Nxc6 23. Nxc6 Qxc6 24. Qxc5 Bb7 25. Nxd5 f4 26. Qxc6 Bxc6 27. Bc5 Rfb8 28. Nxf6+ gxf6 29. Rd6 Bb7 30. Rxf6 f3 31. gxf3 Rxa2 32. Kh2 Rd8 33. Rg1+ Kh8 34. Rf8+ Rxf8 35. Bd4+ 1-0

[Event "26th Abu Dhabi Master 2019"]
[Site "Abu Dhabi"]
[Date "2019.08.08"]
[Round "7.49"]
[White "Mullick, Raahil"]
[Black "Asaka, Samuel"]
[Result "1-0"]
[ECO "B12"]
[WhiteElo "2211"]
[BlackElo "2201"]
[Annotator "NA"]
[PlyCount "66"]
[EventDate "2019.08.02"]
[EventType "swiss"]
[EventCountry "UAE"]
[SourceTitle "playchess.com"]
[Source "ChessBase"]
[SourceQuality "1"]
[TimeControl "5400+30"]

1. e4 c6 2. d4 d5 3. e5 Bf5 4. Nc3 e6 5. g4 Bg6 6. Nge2 c5 7. h4 h5 8. Nf4 Bh7 9. Nxh5 Nc6 10. Bb5 cxd4 11. Qxd4 Nge7 12. Bg5 a6 13. Bxc6+ Nxc6 14. Qd2 Qc7 15. O-O d4 16. Ne2 d3 17. cxd3 Nxe5 18. f3 Nxd3 19. Kg2 Bb4 20. Qe3 Bc5 21. Nxg7+ Kf8 22. Nd4 Bxd4 23. Qxd4 e5 24. Bh6 Qc2+ 25. Rf2 Qxf2+ 26. Qxf2 Nxf2 27. Nh5+ Ke7 28. Kxf2 Rhc8 29. Re1 Rc2+ 30. Kg3 Rxb2 31. Rxe5+ Kd7 32. Nf6+ Kd6 33. Bf4 Rb5 1-0

[Event "26th Abu Dhabi Master 2019"]
[Site "Abu Dhabi"]
[Date "2019.08.08"]
[Round "7.50"]
[White "Al Hosani, Omran"]
[Black "Pranav Anand"]
[Result "1/2-1/2"]
[ECO "E34"]
[WhiteElo "2135"]
[BlackElo "2347"]
[Annotator "NA"]
[PlyCount "92"]
[EventDate "2019.08.02"]
[EventType "swiss"]
[EventCountry "UAE"]
[SourceTitle "playchess.com"]
[Source "ChessBase"]
[SourceQuality "1"]
[TimeControl "5400+30"]

1. d4 Nf6 2. c4 e6 3. Nc3 Bb4 4. Qc2 d5 5. cxd5 Qxd5 6. Nf3 Qf5 7. Qb3 Nc6 8. Bd2 O-O 9. h3 a5 10. a3 a4 11. Qc4 Bxc3 12. Bxc3 Bd7 13. e3 Nd5 14. Bd3 Qf6 15. Bd2 Rfc8 16. Qc2 h6 17. O-O Na5 18. e4 Nb6 19. Bc3 Nb3 20. Rad1 Qe7 21. Nd2 c5 22. Nxb3 axb3 23. Qd2 Na4 24. Rc1 Nxc3 25. Qxc3 c4 26. Bb1 b5 27. Rfd1 Qd6 28. Qe3 Bc6 29. d5 exd5 30. exd5 Bd7 31. Qe4 f5 32. Qd4 Re8 33. Re1 Kh8 34. f4 Rxe1+ 35. Rxe1 Rc8 36. Kh2 Qc5 37. Qd2 Rf8 38. Re5 Rf6 39. g4 fxg4 40. hxg4 Qd6 41. Qe3 g6 42. Kg3 Kg8 43. Qd4 Kh7 44. g5 hxg5 45. Rxg5 Bf5 46. Be4 Bd7 1/2-1/2

[Event "26th Abu Dhabi Master 2019"]
[Site "Abu Dhabi"]
[Date "2019.08.08"]
[Round "7.51"]
[White "Nandhidhaa, P V"]
[Black "Priyanka, K."]
[Result "1-0"]
[ECO "B90"]
[WhiteElo "2259"]
[BlackElo "2201"]
[Annotator "NA"]
[PlyCount "131"]
[EventDate "2019.08.02"]
[EventType "swiss"]
[EventCountry "UAE"]
[SourceTitle "playchess.com"]
[Source "ChessBase"]
[SourceQuality "1"]
[TimeControl "5400+30"]

1. e4 c5 2. Nf3 d6 3. d4 cxd4 4. Nxd4 Nf6 5. Nc3 a6 6. Nb3 Nc6 7. Be3 e6 8. g4 b5 9. a3 Bb7 10. g5 Nd7 11. f4 Nb6 12. Qd2 Rc8 13. O-O-O Na4 14. Nxa4 bxa4 15. Nd4 Na5 16. Qb4 Bxe4 17. Qxa4+ Ke7 18. Rg1 g6 19. Bg2 Bxg2 20. Rxg2 Bg7 21. Bd2 Nc4 22. Bc3 Qd7 23. Nc6+ Qxc6 24. Qxc6 Rxc6 25. Bxg7 Rhc8 26. Rg3 Nb6 27. c3 Rc4 28. Bf6+ Kd7 29. Rh3 Nd5 30. Rxh7 Rf8 31. Bg7 Rfc8 32. Bd4 Ke7 33. f5 gxf5 34. g6 Rf8 35. g7 Rg8 36. b3 Rcc8 37. c4 Nf4 38. Be3 Ng6 39. h4 Ne5 40. Bf4 f6 41. Bxe5 fxe5 42. Kd2 d5 43. Rg1 d4 44. Rh6 Kf7 45. Rhg6 Rge8 46. h5 e4 47. R6g5 Kg8 48. h6 Kh7 49. c5 Rg8 50. b4 f4 51. Re5 e3+ 52. Ke2 Kxh6 53. Rxe6+ Kh7 54. Re4 Rcd8 55. Rxf4 d3+ 56. Kxe3 Rge8+ 57. Re4 Rxe4+ 58. Kxe4 d2 59. Rd1 Kxg7 60. Ke3 Rh8 61. Rxd2 Rh3+ 62. Kd4 Rxa3 63. c6 Rh3 64. c7 Rh8 65. Kc5 Rc8 66. Kc6 1-0

[Event "26th Abu Dhabi Master 2019"]
[Site "Abu Dhabi"]
[Date "2019.08.08"]
[Round "7.52"]
[White "Zhang, Xiaowen"]
[Black "Adnan, Habib"]
[Result "1/2-1/2"]
[ECO "C06"]
[WhiteElo "2318"]
[BlackElo "2197"]
[Annotator "NA"]
[PlyCount "165"]
[EventDate "2019.08.02"]
[EventType "swiss"]
[EventCountry "UAE"]
[SourceTitle "playchess.com"]
[Source "ChessBase"]
[SourceQuality "1"]
[TimeControl "5400+30"]

1. e4 e6 2. d4 d5 3. Nd2 Nf6 4. e5 Nfd7 5. Bd3 c5 6. c3 Nc6 7. Ne2 cxd4 8. cxd4 f6 9. exf6 Nxf6 10. Nf3 Bd6 11. O-O Qc7 12. Bg5 O-O 13. Rc1 a6 14. Ng3 h6 15. Bd2 g5 16. Re1 Qg7 17. Bc3 Bxg3 18. hxg3 Ng4 19. Rc2 Bd7 20. Nh2 Nxh2 21. Kxh2 Rf6 22. Rce2 Raf8 23. f3 h5 24. Re3 g4 25. f4 Rh6 26. Re5 Nxe5 27. Rxe5 Qf6 28. Bb4 Rf7 29. Bd6 Rg7 30. Rg5 Rxg5 31. fxg5 Qxg5 32. Bf4 Qg7 33. Be5 Rf6 34. Qb3 Bc6 35. Qb4 Qf8 36. Qd2 Qh6 37. Qe2 Rf7 38. Bd6 Qf6 39. Bc2 Bb5 40. Qe3 Rg7 41. Be5 Qg5 42. Qc3 Bc6 43. Bf4 Qe7 44. Qe1 Rf7 45. Qe5 Rxf4 46. gxf4 Qh4+ 47. Kg1 Bd7 48. f5 Qg5 49. Qb8+ Kf7 50. Qd6 Qe7 51. fxe6+ Qxe6 52. Qc7 Qc6 53. Qd8 Qc8 54. Qxc8 Bxc8 55. g3 Kf6 56. Bb3 Be6 57. Kf2 Kg5 58. a3 Kf5 59. Bc2+ Kg5 60. Bb3 b6 61. Ba2 a5 62. Bb3 h4 63. Kg2 h3+ 64. Kh2 b5 65. Kg1 Kf6 66. Bd1 a4 67. Be2 Bd7 68. Kh2 Ke7 69. Kg1 Kd6 70. Kh2 Kc7 71. Kg1 Kb6 72. Kh2 Ka5 73. Kg1 b4 74. Kh2 bxa3 75. bxa3 Kb6 76. Bd1 Kc7 77. Kg1 Kd6 78. Kh2 Ke7 79. Kg1 Kf6 80. Kh2 Kf5 81. Bc2+ Kg5 82. Kg1 Bb5 83. Kh2 1/2-1/2

[Event "26th Abu Dhabi Master 2019"]
[Site "Abu Dhabi"]
[Date "2019.08.08"]
[Round "7.53"]
[White "Pranav, V."]
[Black "Utsab Chatterjee"]
[Result "1-0"]
[ECO "B52"]
[WhiteElo "2316"]
[BlackElo "2150"]
[Annotator "NA"]
[PlyCount "89"]
[EventDate "2019.08.02"]
[EventType "swiss"]
[EventCountry "UAE"]
[SourceTitle "playchess.com"]
[Source "ChessBase"]
[SourceQuality "1"]
[TimeControl "5400+30"]

1. e4 c5 2. Nf3 d6 3. Bb5+ Bd7 4. Bxd7+ Qxd7 5. O-O Nc6 6. c3 Nf6 7. Qe2 e6 8. Rd1 Ne5 9. Ne1 c4 10. d4 cxd3 11. Nxd3 Nxd3 12. Rxd3 Qc6 13. Nd2 Be7 14. c4 Nd7 15. b3 Nc5 16. Rh3 Bf6 17. Rb1 Bg5 18. Bb2 e5 19. Nf3 Bf6 20. Re1 Ne6 21. Bc1 h5 22. Rd1 O-O-O 23. Rg3 h4 24. Rh3 Kb8 25. Ne1 Bg5 26. Bxg5 Nxg5 27. Re3 h3 28. Qg4 Ne6 29. Nd3 hxg2 30. Nb4 Qc5 31. Nd5 Rh6 32. Qf5 Rdh8 33. Rdd3 Nd4 34. Qg4 Qa3 35. Rh3 Qxa2 36. Kxg2 Qc2 37. Rxh6 Rxh6 38. Rg3 a6 39. Ne3 Qb1 40. Nd5 Nc2 41. h3 Qe1 42. Qxg7 Qxe4+ 43. Kh2 Rg6 44. Qf8+ Ka7 45. Ne7 1-0

[Event "26th Abu Dhabi Master 2019"]
[Site "Abu Dhabi"]
[Date "2019.08.08"]
[Round "7.54"]
[White "Tashkhodzhaev, Akram"]
[Black "Gajwa Ankit"]
[Result "1/2-1/2"]
[ECO "B54"]
[WhiteElo "2123"]
[BlackElo "2302"]
[Annotator "NA"]
[PlyCount "96"]
[EventDate "2019.08.02"]
[EventType "swiss"]
[EventCountry "UAE"]
[SourceTitle "playchess.com"]
[Source "ChessBase"]
[SourceQuality "1"]
[TimeControl "5400+30"]

1. e4 c5 2. Nf3 d6 3. d4 cxd4 4. Nxd4 Nf6 5. f3 e5 6. Nb3 Be6 7. c4 a5 8. Be3 Be7 9. Be2 a4 10. N3d2 Qa5 11. O-O Nbd7 12. Na3 O-O 13. Rc1 Bd8 14. Nb5 Bb6 15. Bf2 Rfd8 16. Nb1 Rac8 17. Qd2 Bxf2+ 18. Kxf2 Qb6+ 19. Qe3 Rc5 20. N1a3 d5 21. cxd5 Bxd5 22. Rfd1 Rxc1 23. Rxc1 Bxa2 24. Rc7 Qxe3+ 25. Kxe3 b6 26. Ra7 Bb3 27. Nc4 g6 28. Rb7 Bxc4 29. Bxc4 Rc8 30. Bxf7+ Kf8 31. Be6 Rc5 32. Na3 Ke7 33. Bxd7 Nxd7 34. Ra7 b5 35. Rb7 Kd6 36. Nxb5+ Kc6 37. Rc7+ Kxb5 38. Rxd7 Rc2 39. Rd2 Rxd2 40. Kxd2 Kc4 41. Kc2 g5 42. h4 gxh4 43. Kd2 Kb3 44. Kc1 Kc4 45. Kc2 Kd4 46. Kd2 Kc4 47. Kc2 Kd4 48. Kd2 Kc4 1/2-1/2

[Event "26th Abu Dhabi Master 2019"]
[Site "Abu Dhabi"]
[Date "2019.08.08"]
[Round "7.55"]
[White "Pranesh M"]
[Black "Chitlange Sakshi"]
[Result "1-0"]
[ECO "B15"]
[WhiteElo "2343"]
[BlackElo "2168"]
[Annotator "NA"]
[PlyCount "157"]
[EventDate "2019.08.02"]
[EventType "swiss"]
[EventCountry "UAE"]
[SourceTitle "playchess.com"]
[Source "ChessBase"]
[SourceQuality "1"]
[TimeControl "5400+30"]

1. e4 c6 2. d4 d5 3. Nc3 dxe4 4. Nxe4 Nf6 5. Nxf6+ exf6 6. c3 Bd6 7. Bd3 O-O 8. Qc2 h5 9. Ne2 Re8 10. h3 Nd7 11. g4 h4 12. Be3 Nf8 13. O-O-O Be6 14. c4 Rc8 15. Kb1 b5 16. c5 Bc7 17. Nc3 b4 18. d5 cxd5 19. Nb5 Bb8 20. Nd4 Bd6 21. Ba6 Rxc5 22. Nxe6 Nxe6 23. Bxc5 Bxc5 24. Bb7 d4 25. Rhe1 Qd6 26. Qf5 Rd8 27. Be4 Ng5 28. Bc2 g6 29. Qd3 Kg7 30. Bb3 Qf4 31. Re2 Qf3 32. Qxf3 Nxf3 33. Rc2 Bb6 34. Bc4 Ng5 35. Bf1 Ne6 36. Rc4 a5 37. Rc6 Rb8 38. Kc2 d3+ 39. Kb1 Bxf2 40. Rxd3 a4 41. Rd2 Be3 42. Rd7 Ng5 43. Rc4 a3 44. Rd3 Nf3 45. Rxe3 Nd2+ 46. Ka1 Nxf1 47. Re1 Nd2 48. Rc2 Nf3 49. Re3 Nd4 50. Rc4 Rd8 51. bxa3 bxa3 52. Rxa3 f5 53. gxf5 gxf5 54. Raa4 Ne6 55. Ra3 f4 56. Rf3 Kf6 57. Kb2 Rd2+ 58. Kb1 Ke5 59. a4 Nd4 60. Rf1 f3 61. a5 Nb3 62. Rxf3 Nxa5 63. Rxh4 f5 64. Rhf4 Nc6 65. Rxf5+ Ke4 66. R5f4+ Ke5 67. Kc1 Rh2 68. Rg4 Rh1+ 69. Kd2 Rh2+ 70. Ke1 Ne7 71. Kf1 Nd5 72. Kg1 Ra2 73. h4 Rc2 74. Rg2 Rc1+ 75. Kh2 Nf4 76. Rgf2 Rc4 77. Re3+ Kf5 78. Kg3 Ra4 79. Ref3 1-0

[Event "26th Abu Dhabi Master 2019"]
[Site "Abu Dhabi"]
[Date "2019.08.08"]
[Round "7.56"]
[White "Soham Kamotra"]
[Black "Eynullayev, Atilla"]
[Result "0-1"]
[ECO "A20"]
[WhiteElo "2136"]
[BlackElo "2228"]
[Annotator "NA"]
[PlyCount "80"]
[EventDate "2019.08.02"]
[EventType "swiss"]
[EventCountry "UAE"]
[SourceTitle "playchess.com"]
[Source "ChessBase"]
[SourceQuality "1"]
[TimeControl "5400+30"]

1. c4 e5 2. g3 Nf6 3. Bg2 c6 4. d4 e4 5. d5 Bb4+ 6. Bd2 Qe7 7. Nc3 O-O 8. a3 Bc5 9. e3 cxd5 10. Nxd5 Nxd5 11. cxd5 d6 12. Qa4 Re8 13. Ne2 Nd7 14. Nf4 Nf6 15. Bc3 Bd7 16. Qb3 b5 17. h3 a5 18. O-O h6 19. Kh2 Qd8 20. Qc2 Rc8 21. Qd2 Bb6 22. Rac1 Nh7 23. b3 Ng5 24. Qb2 f6 25. Qe2 Qe7 26. h4 Nf7 27. Kh1 f5 28. Ng6 Qd8 29. Qb2 Ne5 30. Nxe5 dxe5 31. Bxe5 Rxc1 32. Rxc1 Qe7 33. Bc3 f4 34. exf4 e3 35. Re1 e2 36. Bf3 Qc5 37. Be5 Qxf2 38. Qxe2 Qxg3 39. Rc1 Bf2 40. Qf1 Qxh4+ 0-1

[Event "26th Abu Dhabi Master 2019"]
[Site "Abu Dhabi"]
[Date "2019.08.08"]
[Round "7.57"]
[White "Panesar Vedant"]
[Black "Bhambure, Shantanu"]
[Result "0-1"]
[ECO "B98"]
[WhiteElo "2092"]
[BlackElo "2275"]
[Annotator "NA"]
[PlyCount "70"]
[EventDate "2019.08.02"]
[EventType "swiss"]
[EventCountry "UAE"]
[SourceTitle "playchess.com"]
[Source "ChessBase"]
[SourceQuality "1"]
[TimeControl "5400+30"]

1. e4 c5 2. Nf3 d6 3. d4 cxd4 4. Nxd4 Nf6 5. Nc3 a6 6. Bg5 e6 7. f4 h6 8. Bh4 Be7 9. Qf3 Qc7 10. O-O-O Nbd7 11. Bd3 g5 12. fxg5 Ne5 13. Qe2 Nfg4 14. Kb1 hxg5 15. Bg3 Bd7 16. h4 gxh4 17. Nf5 exf5 18. Nd5 Qd8 19. exf5 Bf6 20. Be1 Bc6 21. Bc4 Bxd5 22. Bxd5 Qe7 23. Rh3 Rd8 24. Rd4 Rg8 25. Ba5 Rc8 26. Bb4 Nc6 27. Re4 Nge5 28. Ba3 Rg3 29. Rxg3 hxg3 30. Qd2 Qd7 31. c4 Ne7 32. Be6 fxe6 33. c5 dxc5 34. Qe1 Qd3+ 35. Ka1 Rd8 0-1

[Event "26th Abu Dhabi Master 2019"]
[Site "Abu Dhabi"]
[Date "2019.08.08"]
[Round "7.58"]
[White "Vatsal Singhania"]
[Black "Aaryan Varshney"]
[Result "1/2-1/2"]
[ECO "B92"]
[WhiteElo "2213"]
[BlackElo "2284"]
[Annotator "NA"]
[PlyCount "99"]
[EventDate "2019.08.02"]
[EventType "swiss"]
[EventCountry "UAE"]
[SourceTitle "playchess.com"]
[Source "ChessBase"]
[SourceQuality "1"]
[TimeControl "5400+30"]

1. e4 c5 2. Nf3 d6 3. d4 cxd4 4. Nxd4 Nf6 5. Nc3 a6 6. Be2 e5 7. Nb3 Be7 8. O-O O-O 9. Kh1 Be6 10. f4 exf4 11. Bxf4 Nc6 12. Qe1 Ne5 13. Rd1 Qc7 14. Nd4 Rac8 15. Qg3 Rfe8 16. a4 Kh8 17. Bc1 Qd7 18. b3 Nc6 19. Bb2 Nxd4 20. Rxd4 Qc7 21. Rd2 Qa5 22. Nb1 Rg8 23. Bf3 Nd7 24. Rfd1 Ne5 25. Ba3 h6 26. c4 b5 27. axb5 axb5 28. Bxd6 Bxd6 29. Rxd6 Nxf3 30. Qxf3 bxc4 31. bxc4 Rxc4 32. Nd2 Rc3 33. Qf4 Rd8 34. Nf3 Rxd6 35. Qxd6 Qa8 36. Qd8+ Qxd8 37. Rxd8+ Kh7 38. Kg1 Bc8 39. Kf2 Bb7 40. Rd7 Bxe4 41. Rxf7 Rc2+ 42. Kg3 Kg8 43. Rf4 Bb7 44. Rd4 Rc3 45. Rd8+ Kh7 46. Rd2 Bxf3 47. gxf3 h5 48. h4 Kh6 49. Rd6+ g6 50. Ra6 1/2-1/2

[Event "26th Abu Dhabi Master 2019"]
[Site "Abu Dhabi"]
[Date "2019.08.08"]
[Round "7.59"]
[White "Kushagra Mohan"]
[Black "Panda Sambit"]
[Result "1-0"]
[ECO "B18"]
[WhiteElo "2250"]
[BlackElo "2126"]
[Annotator "NA"]
[PlyCount "92"]
[EventDate "2019.08.02"]
[EventType "swiss"]
[EventCountry "UAE"]
[SourceTitle "playchess.com"]
[Source "ChessBase"]
[SourceQuality "1"]
[TimeControl "5400+30"]

1. e4 c6 2. d4 d5 3. Nd2 dxe4 4. Nxe4 Bf5 5. Ng3 Bg6 6. h4 h6 7. Nf3 e6 8. Ne5 Bh7 9. Bd3 Bxd3 10. Qxd3 Nd7 11. f4 Bb4+ 12. c3 Bd6 13. Bd2 Ngf6 14. O-O-O O-O 15. Qf3 Qc7 16. Ne2 h5 17. Rhg1 c5 18. g4 cxd4 19. Nxd7 Qxd7 20. gxh5 Qc6 21. Qg3 Nxh5 22. Qg4 Qd5 23. Nxd4 Bc5 24. Be3 g6 25. Qe2 Be7 26. f5 Qe4 27. fxg6 f5 28. Qxh5 Qxe3+ 29. Kb1 Qe4+ 30. Ka1 Qxh4 31. Qxh4 Bxh4 32. Nxe6 Rf6 33. Nf4 Re8 34. a3 Re4 35. Nh5 Rfe6 36. Ka2 Rg4 37. Rgf1 Rexg6 38. Rxf5 Rb6 39. Nf4 Rg5 40. Rd8+ Kh7 41. Rff8 Bg3 42. Rh8+ Kg7 43. Rdg8+ Kf6 44. Nh5+ Rxh5 45. Rxh5 Bd6 46. Rh7 Ke6 1-0

[Event "26th Abu Dhabi Master 2019"]
[Site "Abu Dhabi"]
[Date "2019.08.08"]
[Round "7.60"]
[White "Ayyad, Husain"]
[Black "Dixit, Nikhil"]
[Result "0-1"]
[ECO "B08"]
[WhiteElo "2231"]
[BlackElo "2318"]
[Annotator "NA"]
[PlyCount "95"]
[EventDate "2019.08.02"]
[EventType "swiss"]
[EventCountry "UAE"]
[SourceTitle "playchess.com"]
[Source "ChessBase"]
[SourceQuality "1"]
[TimeControl "5400+30"]

1. e4 g6 2. d4 Bg7 3. Nf3 d6 4. Be2 Nf6 5. Nc3 O-O 6. O-O c6 7. a4 Qc7 8. a5 Nbd7 9. h3 e5 10. d5 cxd5 11. Nb5 Qb8 12. exd5 a6 13. Na3 b5 14. axb6 Nxb6 15. c4 Bd7 16. b3 Ne4 17. Nb1 a5 18. Nfd2 Nc5 19. Ra2 e4 20. Bb2 Bxb2 21. Rxb2 Qe8 22. Re1 Qe5 23. Qc1 Qg5 24. Nf1 Qxc1 25. Rxc1 Rfb8 26. Nc3 Nba4 27. Nxa4 Bxa4 28. Nd2 Bxb3 29. Rcb1 a4 30. Nxb3 axb3 31. Kf1 Rb4 32. Ke1 Ra2 33. Rd2 b2 34. Kd1 Ra1 35. Kc2 Rxb1 36. Kxb1 Na4 37. Rc2 Rb3 38. c5 Ra3 39. Rxb2 Nxb2 40. Kxb2 Ra5 41. c6 Rxd5 42. f3 Rc5 43. fxe4 Rxc6 44. Kb3 Rc5 45. Bc4 Kg7 46. Kc3 f5 47. exf5 d5 48. Kd4 0-1

[Event "26th Abu Dhabi Master 2019"]
[Site "Abu Dhabi"]
[Date "2019.08.08"]
[Round "7.61"]
[White "Salih, Akar Ali Salih"]
[Black "Ajay Karthikeyan"]
[Result "1/2-1/2"]
[ECO "B90"]
[WhiteElo "2261"]
[BlackElo "2216"]
[Annotator "NA"]
[PlyCount "98"]
[EventDate "2019.08.02"]
[EventType "swiss"]
[EventCountry "UAE"]
[SourceTitle "playchess.com"]
[Source "ChessBase"]
[SourceQuality "1"]
[TimeControl "5400+30"]

1. e4 c5 2. Nf3 d6 3. d4 cxd4 4. Nxd4 Nf6 5. Nc3 a6 6. Be3 e5 7. Nb3 Be7 8. f3 Be6 9. Qd2 h5 10. O-O-O Nbd7 11. Kb1 b5 12. Nd5 Bxd5 13. exd5 Nb6 14. Bxb6 Qxb6 15. Na5 Rc8 16. Nc6 Nxd5 17. Nxe7 Nxe7 18. Qxd6 Qxd6 19. Rxd6 Nc6 20. Rd2 Ke7 21. Bd3 g6 22. a4 Rhd8 23. Rhd1 Nd4 24. axb5 axb5 25. c3 Nb3 26. Re2 Kf6 27. Bc2 Rxd1+ 28. Bxd1 Na5 29. b4 Nc4 30. Bb3 h4 31. Bxc4 Rxc4 32. Kc2 Ke6 33. Kd3 f5 34. Ra2 e4+ 35. fxe4 fxe4+ 36. Kd2 Rc6 37. Ra5 Rd6+ 38. Ke3 Rd3+ 39. Kxe4 Rxc3 40. Rxb5 Rc4+ 41. Kf3 Kf6 42. Rb8 Rc3+ 43. Kg4 Rc4+ 44. Kh3 Rd4 45. b5 Rb4 46. g3 hxg3 47. hxg3 Kg5 48. b6 Rb1 49. Kg2 Kg4 1/2-1/2

[Event "26th Abu Dhabi Master 2019"]
[Site "Abu Dhabi"]
[Date "2019.08.08"]
[Round "7.62"]
[White "Tabada, Jobannie C."]
[Black "Siva Mahadevan"]
[Result "1/2-1/2"]
[ECO "B92"]
[WhiteElo "2216"]
[BlackElo "2270"]
[Annotator "NA"]
[PlyCount "153"]
[EventDate "2019.08.02"]
[EventType "swiss"]
[EventCountry "UAE"]
[SourceTitle "playchess.com"]
[Source "ChessBase"]
[SourceQuality "1"]
[TimeControl "5400+30"]

1. e4 c5 2. Nf3 d6 3. d4 cxd4 4. Nxd4 Nf6 5. Nc3 a6 6. Be2 e5 7. Nb3 Be7 8. O-O O-O 9. Bg5 Be6 10. Qd2 Nbd7 11. Rfd1 b5 12. Bf3 b4 13. Ne2 a5 14. Ng3 Qc7 15. Nf1 Rac8 16. Ne3 Nxe4 17. Bxe4 Bxg5 18. Qxd6 a4 19. Qxc7 Rxc7 20. Nd2 Bxe3 21. fxe3 f5 22. Bd3 e4 23. Bb5 Rxc2 24. Bxa4 Rxb2 25. Bxd7 Bxd7 26. Nb3 Bb5 27. Rdb1 Rxb1+ 28. Rxb1 Bd3 29. Rb2 Rc8 30. Nd4 Rc4 31. Kf2 g6 32. h3 Kf7 33. Rb3 Kf6 34. a3 bxa3 35. Rxa3 Rc1 36. h4 h6 37. Rb3 Ke5 38. g3 g5 39. hxg5 hxg5 40. Rb8 Rf1+ 41. Kg2 f4 42. Re8+ Kd5 43. Rd8+ Kc4 44. Rc8+ Kd5 45. Rd8+ Kc4 46. Rc8+ Kb4 47. gxf4 gxf4 48. Nc6+ Kb3 49. Nd4+ Kb2 50. Rc2+ Kb1 51. Rf2 f3+ 52. Nxf3 exf3+ 53. Kxf3 Re1 54. Rd2 Bc2 55. Kf2 Rh1 56. Kf3 Kb2 57. Rd8 Kc3 58. Ke2 Rh2+ 59. Kf3 Bd3 60. Re8 Rh1 61. Kf4 Rf1+ 62. Kg5 Rf3 63. Kg4 Rf2 64. Kg5 Rf5+ 65. Kg4 Rf1 66. Kg5 Ra1 67. Kf4 Kd2 68. Kg5 Ra4 69. Re7 Be4 70. Kf4 Ba8+ 71. e4 Rd4 72. Kf5 Ke3 73. e5 Bd5 74. e6 Re4 75. Re8 Bxe6+ 76. Rxe6 Rxe6 77. Kxe6 1/2-1/2